 Dungeon Crawl Stone Soup version 0.23-a0-767-gdc19b93d68 (webtiles) character file.

1494783 RKaid the Conqueror (level 27, 273/273 HPs)
             Began as a Demigod Gladiator on Jan 22, 2019.
             Escaped with the Orb
             ... and 3 runes on Jan 27, 2019!
             The game lasted 06:36:48 (108513 turns).

RKaid the Conqueror (Demigod Gladiator)           Turns: 108513, Time: 06:36:49

Health: 273/273    AC: 50    Str: 36    XL:     27
Magic:  38/38      EV: 22    Int: 22    God:
Gold:   4062       SH:  0    Dex: 21    Spells: 21/40 levels left

rFire    + + +     SeeInvis .   a - +9 lajatang (elec)
rCold    + + +     Gourm    .   (shield currently unavailable)
rNeg     . . .     Faith    .   J - +12 gold dragon scales {rC+, rF+, rPois}
rPois    +         Spirit   .   q - +2 helmet of Fishaffi {rC+ Str+4}
rElec    +         Reflect  .   K - scarf {rC+ rF+}
rCorr    .         Harm     .   Z - +2 pair of gloves
MR       ++...                  G - +2 pair of boots "Idaxtagg" {Dex+4}
Stlth    ..........             P - amulet of regeneration {+regen}
HPRegen  0.95/turn              F - ring "Bint" {rElec rF+ Str+3 Int+4 Stlth+}
MPRegen  0.26/turn              s - ring of wizardry {Wiz+ =R}

@: no status effects
A: high mp 1, mutation resistance 1, poison resistance, no potion heal 1
0: Orb of Zot
}: 3/15 runes: barnacled, silver, gossamer
a: no special abilities


You escaped.
You were not hungry.

You visited 10 branches of the dungeon, and saw 52 of its levels.
You visited the Abyss 3 times.
You also visited: Sewer and Wizlab.

You collected 10507 gold pieces.
You spent 6445 gold pieces at shops.

Inventory:

Hand Weapons
 a - a +9 lajatang of electrocution (weapon)
   (You found it on level 4 of the Dungeon)
 b - a +7 lajatang of draining
   (You took it off Agnes on level 1 of the Spider Nest)
 V - a +9 vampiric lajatang
   (You subdued it on level 2 of the Elven Halls)
 Y - the +3 long sword "Wuocludo" {slice, rC+ MR+ Str+4 Dex-5}
   (You found it on level 1 of the Vaults)

   It inflicts extra damage upon your enemies.
   It affects your strength (+4).
   It affects your dexterity (-5).
   It protects you from cold.
   It affects your resistance to hostile enchantments.
Missiles
 d - 10 throwing nets (quivered) {=f}
Armour
 q - the +2 helmet of Fishaffi (worn) {rC+ Str+4}
   (You acquired it on level 3 of the Vaults)

   It affects your strength (+4).
   It protects you from cold.
 G - the +2 pair of boots "Idaxtagg" (worn) {Dex+4}
   (You found it on level 15 of the Dungeon)

   It affects your dexterity (+4).
 J - +12 gold dragon scales (worn) {rC+, rF+, rPois}
   (You found it on level 5 of the Depths)
 K - a scarf of resistance (worn)
   (You bought it in a shop on level 1 of the Depths)
 Z - a +2 pair of gloves (worn)
   (You found it on level 5 of the Vaults)
Jewellery
 s - a ring of wizardry (right hand) {Wiz+ =R}
   (You found it on level 10 of the Dungeon)
 F - the ring "Bint" (left hand) {rElec rF+ Str+3 Int+4 Stlth+}
   (You found it on level 5 of the Depths)

   [ring of stealth]

   It affects your strength (+3).
   It affects your intelligence (+4).
   It protects you from fire.
   It insulates you from electricity.
   It makes you more stealthy.
 P - an amulet of regeneration (around neck) {+regen}
   (You found it on level 4 of the Shoals)
 R - the ring of the Four Dreams {rN+ Dex+4 SInv}
   (You found it on level 5 of the Vaults)

   [ring of positive energy]

   It affects your dexterity (+4).
   It protects you from negative energy.
   It lets you see invisible.
 S - an uncursed ring of resist corrosion
   (You took it off a goblin on level 3 of the Dungeon)
Wands
 k - a wand of iceblast (12)
   (You found it on level 12 of the Dungeon)
 A - a wand of acid (25)
   (You found it on level 4 of the Spider Nest)
 C - a wand of clouds (2)
   (You found it on level 5 of the Vaults)
 D - a wand of digging (1)
   (You found it on level 2 of the Elven Halls)
 X - a wand of paralysis (56)
   (You found it on level 4 of the Lair of Beasts)
Scrolls
 i - 4 scrolls of identify
 l - 5 scrolls of blinking {!r}
 o - 19 scrolls of remove curse
 r - 9 scrolls of immolation {!r}
 t - 12 scrolls of teleportation
 B - 4 scrolls of fear
 I - 3 scrolls of holy word {!r}
 L - 2 scrolls of vulnerability {!r!r}
 M - 3 scrolls of fog
 T - 2 scrolls of summoning
 U - a scroll of silence
Potions
 c - 8 potions of curing
 e - 7 potions of brilliance
 g - 3 potions of haste
 h - 5 potions of heal wounds
 j - 4 potions of invisibility
 m - 7 potions of ambrosia
 n - a potion of berserk rage {!q}
 p - 4 potions of might
 u - 2 potions of magic
 v - 3 potions of resistance
 w - a potion of mutation {!q!q}
 x - a potion of cancellation
 z - 4 potions of agility
 O - 4 potions of flight
Miscellaneous
 H - 2 phantom mirrors
 N - a lamp of fire
   (You found it on level 2 of the Depths)
 W - 4 boxes of beasts
Comestibles
 f - 30 rations


   Skills:
 O Level 27 Fighting
 - Level 14.5 Staves
 - Level 1.7 Throwing
 + Level 26.3 Armour
 + Level 18.0 Dodging
 - Level 7.0 Spellcasting
 - Level 10.0 Hexes
 - Level 8.0 Charms
 - Level 4.0 Transmutations
 - Level 4.0 Earth Magic
 - Level 2.1 Evocations


You had 21 spell levels left.
You knew the following spells:

 Your Spells              Type           Power        Failure   Level  Hunger
a - Confusing Touch       Hex            ######       1%          1    None
b - Spectral Weapon       Hex/Chrm       #####...     1%          3    None
c - Song of Slaying       Chrm           #####...     1%          2    None
d - Cause Fear            Hex            ######....   2%          4    ###....
e - Passwall              Tmut/Erth      ####....     4%          2    None
f - Blink                 Tloc           N/A          21%         2    None
A - Apportation           Tloc           #.....       14%         1    None
B - Summon Butterflies    Summ           #.......     14%         1    None
C - Regeneration          Chrm/Necr      ####......   9%          3    None

Your spell library contained the following spells:

 Spells                   Type           Power        Failure   Level  Hunger
 Corona                   Hex            ######.      1%          1    None
 Infusion                 Chrm           ####         1%          1    None
 Slow                     Hex            ######..     1%          2    None
 Tukima's Dance           Hex            ######..     1%          3    None
 Shroud of Golubria       Chrm/Tloc      ####......   4%          2    None
 Swiftness                Chrm/Air       ####....     4%          2    None
 Dazzling Spray           Conj/Hex       ####..       5%          3    None
 Inner Flame              Hex/Fire       ####....     5%          3    None
 Portal Projectile        Hex/Tloc       ####..       5%          3    None
 Summon Guardian Golem    Hex/Summ       ####....     5%          3    None
 Leda's Liquefaction      Hex/Erth       #####.....   8%          4    ###....
 Animate Skeleton         Necr           N/A          14%         1    None
 Flame Tongue             Conj/Fire      #....        14%         1    None
 Magic Dart               Conj           #...         14%         1    None
 Sting                    Conj/Pois      #...         14%         1    None
 Summon Small Mammal      Summ           #...         14%         1    None
 Fulminant Prism          Conj/Hex       ####......   17%         4    ###....
 Call Imp                 Summ           #.......     21%         2    None
 Corpse Rot               Necr           N/A          21%         2    None
 Poisonous Vapours        Pois/Air       #.....       21%         2    None
 Searing Ray              Conj           #.....       21%         2    None
 Sublimation of Blood     Necr           #.........   21%         2    None
 Yara's Violent Unravell  Hex/Tmut       #####.....   21%         5    #####..
 Ignite Poison            Fire/Tmut/Pois ##......     24%         3    None
 Petrify                  Tmut/Erth      ####....     26%         4    ###....
 Darkness                 Hex            ######....   32%         6    ######.
 Invisibility             Hex            ######..     32%         6    ######.
 Call Canine Familiar     Summ           #.......     38%         3    None
 Gell's Gravitas          Tloc           #.........   38%         3    None
 Lesser Beckoning         Tloc           #.........   38%         3    None
 Mephitic Cloud           Conj/Pois/Air  #.......     38%         3    None
 Static Discharge         Conj/Air       #.......     38%         3    None
 Teleport Other           Tloc           #.......     38%         3    None
 Vampiric Draining        Necr           #.........   38%         3    None
 Metabolic Englaciation   Hex/Ice        ####......   43%         5    #####..
 Silence                  Hex/Air        ####......   43%         5    #####..
 Summon Mana Viper        Hex/Summ       ####....     43%         5    #####..
 Ice Form                 Ice/Tmut       ###.....     50%         4    ###....
 Excruciating Wounds      Chrm/Necr      ####......   56%         5    #####..
 Lee's Rapid Deconstruct  Erth           ####......   56%         5    #####..
 Animate Dead             Necr           N/A          77%         4    ###....
 Force Lance              Conj/Tloc      #.......     77%         4    ###....
 Iskenderun's Mystic Bla  Conj           #.......     77%         4    ###....
 Olgreb's Toxic Radiance  Pois           #.......     77%         4    ###....
 Summon Ice Beast         Ice/Summ       #.......     77%         4    ###....
 Summon Lightning Spire   Summ/Air       #.......     77%         4    ###....
 Throw Icicle             Conj/Ice       #.......     77%         4    ###....
 Alistair's Intoxication  Tmut/Pois      ###.....     82%         5    #####..
 Borgnjor's Vile Clutch   Necr/Erth      ###.......   82%         5    #####..
 Irradiate                Conj/Tmut      ###.......   82%         5    #####..
 Bolt of Magma            Conj/Fire/Erth ##........   89%         5    #####..
 Bolt of Draining         Conj/Necr      #.........   97%         5    #####..
 Lightning Bolt           Conj/Air       #.........   97%         5    #####..
 Summon Forest            Summ/Tloc      #.........   97%         5    #####..
 Venom Bolt               Conj/Pois      #.........   97%         5    #####..
 Deflect Missiles         Chrm/Air       ####......   98%         6    ######.
 Statue Form              Tmut/Erth      ####.....    98%         6    ######.
 Bolt of Cold             Conj/Ice       #.........   100%        6    ######.
 Bolt of Fire             Conj/Fire      #.........   100%        6    ######.
 Death Channel            Necr           #.........   100%        6    ######.
 Freezing Cloud           Conj/Ice/Air   #.........   100%        6    ######.
 Iron Shot                Conj/Erth      ###.......   100%        6    ######.
 Ozocubu's Refrigeration  Ice            #.........   100%        6    ######.
 Simulacrum               Ice/Necr       #.........   100%        6    ######.
 Dragon Form              Tmut           ####......   100%        7    #######
 Haunt                    Necr/Summ      #.........   100%        7    #######
 Summon Hydra             Summ           #.........   100%        7    #######
 Borgnjor's Revivificati  Necr           #.........   100%        8    #######
 Death's Door             Chrm/Necr      ####......   100%        8    #######
 Discord                  Hex            ######....   100%        8    #######
 Ignition                 Fire           #.........   100%        8    #######
 Infestation              Necr           #.........   100%        8    #######
 Necromutation            Tmut/Necr      ###.......   100%        8    #######
 Dragon's Call            Summ           #.........   100%        9    #######
 Shatter                  Erth           ####......   100%        9    #######
 Tornado                  Air            #.........   100%        9    #######
 Passage of Golubria      Tloc           Unusable     N/A         4    N/A

Dungeon Overview and Level Annotations

Branches:
Dungeon (15/15)            Temple (0/1) D:4            Lair (6/6) D:11
 Shoals (4/4) Lair:4       Spider (4/4) Lair:4        Slime (3/5) Lair:6
    Orc (2/2) D:11            Elf (3/3) Orc:2        Vaults (5/5) D:13
  Crypt (0/3) Vaults:2     Depths (5/5) D:15            Zot (5/5) Depths:5

Shops:
D:11 [   Orc:1 *   Orc:2 ??![:   Elf:1 *   Elf:2 :   Vaults:2 ?   Vaults:3 :(
Vaults:4 [(*[   Depths:1 :[*%

Portals:
Hell: Depths:1 Depths:2 Depths:3 Depths:4 Depths:5
Abyss: Depths:3 Depths:4
Pandemonium: Orc:2 Depths:3
Ziggurat: Depths:4

Annotations:
D:6 exclusion: downstairs
Spider:1 Roxanne
Depths:3 exclusion: orange crystal statue
Depths:4 3 runed doors, Piolloc's ghost, legendary FoFi
Depths:5 3 runed doors
Zot:5 exclusion: obsidian statue


Innate Abilities, Weirdness & Mutations

You have an increased reservoir of magic. (+10% MP)
You are somewhat resistant to further mutation.
Your system is resistant to poisons. (rPois)
Potions are less effective at restoring your health.


Message History

Xipacsop completely misses you.
You climb upwards.
There is a stone staircase leading down here.
You carve the neqoxec like a ham!!!
You kill the neqoxec!
Your Dodging skill increases to level 18!
The lich touches you but does no damage.
You slash the lich! You carve the lich like a ham!!! The lich touches you.
You slice the lich!! Lightning courses through the lich!
You destroy the lich!
(D) Dungeon (T) Temple (L) Lair (A) Shoals (N) Spider Nest (M) Slime Pits (O) Orcish Mines (E) Elven Halls (V) Vaults (C) Crypt (U) Depths (H) Hell (Z) Zot
Where to? (Enter - D:1 @ (x,y), ? - help)
There is a stone staircase leading up here.
You climb upwards.
There is a stone staircase leading down here.
You see here an uncursed ring of attention.
There is a stone staircase leading up here.
You climb upwards.
There is a stone staircase leading down here.
Your extra speed is starting to run out.
You feel yourself slow down.
There is a stone staircase leading up here.
You climb upwards.
There is a stone staircase leading down here.
There is an escape hatch in the ceiling here.
A mysterious force pulls you upwards. The hatch slams shut behind you.
Level annotation: exclusion: downstairs A green death comes into view.
The green death gestures at you. The blast of poison engulfs you!
You are poisoned.
You resist.
You slash the green death!
You feel sick.
You slice the green death!!
You feel sick. The green death gestures at you. The poison arrow misses you.
You open the green death like a pillowcase!!!
You kill the green death!
You feel sick.
You feel sick.
(D) Dungeon (T) Temple (L) Lair (A) Shoals (N) Spider Nest (M) Slime Pits (O) Orcish Mines (E) Elven Halls (V) Vaults (C) Crypt (U) Depths (H) Hell (Z) Zot
Where to? (Enter - D:1 @ (x,y), ? - help)
You feel sick.
You feel sick.
There is an open door here.
You feel sick.
You feel sick.
There is a stone staircase leading up, spattered with blood here.
You feel sick.
You climb upwards.
There is a stone staircase leading down here.
You feel sick.
You feel sick.
There is an open door here.
You feel sick.
You feel sick.
There is a stone staircase leading up here.
You climb upwards.
There is a stone staircase leading down here.
You feel sick.
You are no longer poisoned.
There is a stone staircase leading up here.
You climb upwards.
There is a stone staircase leading down here.
There is a stone staircase leading up here.
You climb upwards.
There is a stone staircase leading down here.
A hell hog comes into view.
The hell hog squeals angrily.
You hear an angry squeal.
The hell hog breathes fire at you.
The fireball explodes!
The fireball engulfs you! You resist.
You hear a shout!
Casting: Spectral Weapon (safe; 1% risk of failure)
Confirm with . or Enter, or press ? or * to list all spells.
Aiming: Passwall (safe; 4% risk of failure)
Press: ? - help, Dir - move target cursor A rock wall.
This square is covered in magical glow.
You begin to meditate on the wall.
You continue meditating on the rock. x2
You finish merging with the rock.
There is an escape hatch in the ceiling here.
A mysterious force pulls you upwards. The hatch slams shut behind you.
Casting: Passwall (safe; 4% risk of failure)
Confirm with . or Enter, or press ? or * to list all spells.
You don't know that spell.
Unknown command.
There is an open door here.
You enter the shallow water.
Moving in this stuff is going to be slow.
Things that are here:
a +0 club; a cursed -1 dagger
There is a staircase leading out of the dungeon here.
You have escaped!

#..# #.## #.# #########.#
#..##########.#
..........####.........##.#
...........# #.≈≈≈≈≈≈≈.##.#
...........###.≈.....≈.##.#
.....................≈.##.#
............)≈≈≈≈≈≈..≈.##.#
............≈.....≈..≈.##[#
............≈..≈@..(.≈.##.#
..########..)..≈≈≈≈≈≈≈.##.#
..# #..≈..........##÷# ..#
#..≈.....≈....##'#######
..#
#..≈≈≈≈≈≈≈..#...).......
###
#...........#...........
#...........#...........
#############...........
#...........


There were no monsters in sight!

Vanquished Creatures
  Mennas (Depths:3)
  6 ancient liches
  4 orbs of fire
  Frederick (Depths:3)
  5 Killer Klowns (Zot:5)
  2 curse toes
  5 caustic shrikes (Depths:2)
  10 golden dragons
  the Enchantress (Depths:5)
  Jory (Vaults:4)
  Nikola (Spider:4)
  2 bone dragons
  A Brimstone Fiend (Depths:2)
  A Tzitzimitl (Depths:3)
  4 electric golems
  19 tentacled monstrosities
  22 Orb Guardians
  A Hell Sentinel (Abyss:3)
  Rupert (Spider:1)
  2 titans
  The ghost of Jeta Buucs the Covert, an adept GnAs of Uskayaw (Depths:5)
  The ghost of Jeta Buucs the Covert, an adept GnAs of Uskayaw (Depths:5)
  7 quicksilver dragons
  2 deep elf blademasters (Elf:3)
  6 acid blobs
  10 liches
  Polyphemus (Shoals:3)
  6 tentacled starspawn
  An Executioner (Abyss:1)
  2 deep elf master archers (Elf:3)
  Kirke (Spider:1)
  Frances (D:14)
  6 tengu reavers
  9 shadow dragons
  Agnes (Spider:1)
  12 death cobs
  5 sphinxes
  An azure jelly (Slime:2)
  9 storm dragons
  2 draconian monks (Depths:5)
  8 frost giants
  The ghost of ilii the Spry, a journeyman DEFE of Vehumet (Elf:3)
  A thorn hunter (Abyss:3)
  7 deep elf sorcerers
  2 balrugs (Abyss:3)
  10 ghost moths
  6 fire giants
  4 draconian knights
  13 vault wardens
  6 draconian scorchers
  The ghost of Flugkiller the Martial Artist, a journeyman HuTm of Okawaru (D:15)
  5 draconian shifters
  9 emperor scorpions
  5 deep elf elementalists (Elf:3)
  5 draconian annihilators
  An orc warlord (Vaults:4)
  4 spriggan defenders
  5 war gargoyles
  The ghost of Nenojib the Severer, a journeyman CeBe of Trog (Orc:1)
  18 very ugly things
  5 draconian stormcallers
  20 ironheart preservers
  3 entropy weavers
  22 stone giants
  17 green draconians
  13 yellow draconians
  9 black draconians
  Azrael (Elf:1)
  9 deep elf demonologists
  10 red draconians
  13 white draconians
  8 purple draconians
  10 deep elf annihilators
  A dire elephant (Abyss:3)
  7 spark wasps
  9 deep elf death magi
  10 ettins
  3 merfolk javelineers
  7 merfolk impalers
  4 eidola
  A green death (D:6)
  A blizzard demon (Abyss:1)
  13 fire dragons
  20 yaktaur captains
  5 crystal guardians
  14 great orbs of eyes
  7 jiangshi
  7 rakshasas
  29 vault guards
  5 deep elf high priests
  A hydra (shapeshifter) (Vaults:5)
  The ghost of KapersCrawl the Peltast, a journeyman MiFi of Okawaru (D:11)
  9 ice dragons
  8 hydras
  3 catoblepae
  6 spriggan air magi
  5 merfolk aquamancers
  3 merfolk avatars
  16 centaur warriors
  An anaconda (shapeshifter) (Depths:4)
  50 two-headed ogres
  10 satyrs
  17 ogre magi
  An orc high priest (Orc:2)
  5 deep troll shamans
  6 hell hogs
  8 death yaks
  9 deep troll earth magi
  24 dancing weapons
  6 thrashing horrors (Abyss:3)
  A spriggan berserker (Depths:4)
  5 vampire magi
  8 tengu warriors
  5 sun demons (Abyss:3)
  31 deep elf knights
  An iron golem (WizLab)
  3 soul eaters
  Nergalle (D:11)
  Sonja (Lair:1)
  A hell knight (Depths:5)
  2 iron trolls (Depths:5)
  8 wretched stars
  A spectral minotaur (Depths:3)
  3 fire crabs (shapeshifter)
  A storm dragon skeleton (Abyss:1)
  4 unseen horrors
  9 flayed ghosts
  2 shadow wraiths
  An unseen horror (shapeshifter) (D:15)
  A death drake (Depths:3)
  18 sea snakes
  2 spatial maelstroms
  A spectral hydra (Depths:3)
  21 starcursed masses
  An orange crystal statue (Depths:3)
  3 sixfirhies
  12 skeletal warriors
  A spectral anaconda (Depths:3)
  9 wizards
  36 deep trolls
  A ghost moth zombie (Abyss:1)
  A gelid demonspawn (Orc:2)
  4 phantasmal warriors
  2 infernal demonspawn (Orc:2)
  7 glowing orange brains
  2 necromancers
  17 deep elf archers
  8 ironbrand convokers
  15 harpies
  26 orc knights
  62 deep elf magi
  An orb spider (shapeshifter) (Depths:4)
  22 wolf spiders
  A mana viper (shapeshifter) (Vaults:5)
  5 mana vipers (Depths:3)
  16 orb spiders
  28 fauns
  3 oklob plants
  2 shining eyes (Slime:2)
  52 ugly things
  14 orc sorcerers
  7 worldbinders
  15 moths of wrath
  14 manticores
  7 cyclopes
  A black mamba (shapeshifter) (Depths:1)
  3 merfolk sirens
  Maurice (D:13)
  7 black mambas
  2 orange demons
  9 water nymphs
  An apocalypse crab (Abyss:3)
  A torpor snail (Spider:3)
  4 centaur zombies
  2 rust devils
  2 centaur skeletons
  5 gargoyles
  16 vault sentinels
  A spiny frog (shapeshifter) (Vaults:4)
  4 smoke demons
  An eye of devastation (shapeshifter) (Vaults:2)
  22 spiny frogs
  A rime drake (shapeshifter) (Vaults:5)
  4 freezing wraiths
  76 yaktaurs
  23 small abominations
  2 rime drakes
  6 komodo dragons
  An anaconda simulacrum (Depths:3)
  A hellion (Abyss:1)
  A tormentor (Zot:5)
  6 ancient zymes
  A yaktaur (shapeshifter) (Depths:1)
  13 demonic crawlers
  6 red devils
  A hellwing (Depths:4)
  A spectral merfolk (Depths:3)
  An efreet (D:14)
  8 trolls
  37 merfolk
  A harpy zombie (D:15)
  4 tyrant leeches (Lair:6)
  34 jumping spiders
  A polar bear (Lair:3)
  10 hornets
  4 meliai
  A raiju (shapeshifter) (Vaults:4)
  Grinder (D:6)
  A catoblepas skeleton (Abyss:3)
  5 wind drakes
  A meliai (shapeshifter) (Vaults:4)
  21 raiju
  4 dream sheep
  11 snapping turtles
  Prince Ribbit (D:9)
  32 slime creatures
  9 hippogriffs
  A hippogriff (shapeshifter) (Vaults:3)
  A snapping turtle (shapeshifter) (Vaults:2)
  27 blink frogs
  95 redbacks
  8 water elementals
  An air elemental (Elf:2)
  4 ynoxinuls (Abyss:3)
  17 large abominations
  3 shadows
  3 spriggans (Depths:5)
  3 hogs (Spider:1)
  25 tarantellas
  11 wraiths
  49 yaks
  A basilisk (shapeshifter) (Vaults:5)
  4 wyverns
  6 fire elementals (Elf:1)
  6 vampires
  5 golden eyes
  4 chaos spawn
  A hog (shapeshifter) (Vaults:2)
  9 vampire mosquitoes
  7 neqoxecs
  5 hungry ghosts
  A steam dragon (D:7)
  6 basilisks
  2 insubstantial wisps
  A hydra simulacrum (Depths:3)
  3 spatial vortices (Abyss:3)
  A swamp worm (shapeshifter) (Vaults:3)
  16 wargs
  4 acid dragons
  14 water moccasins
  2 floating eyes
  A spectral troll (Depths:3)
  10 porcupines
  4 spectral spriggans (Depths:3)
  A black bear (Lair:5)
  4 ice beasts
  14 hell hounds
  8 sky beasts
  57 orc warriors
  2 snapping turtle zombies (Depths:3)
  An eye of draining (shapeshifter) (Depths:1)
  5 boggarts (Vaults:1)
  17 centaurs
  5 eyes of draining
  2 necrophages
  51 ogres
  12 wolves
  2 phantoms
  11 crocodiles
  4 big kobolds
  A wyvern zombie (D:11)
  23 bullfrogs
  9 earth elementals
  A merfolk simulacrum (Depths:3)
  2 scorpions
  3 spectral ogres (Depths:3)
  4 spectral nagas (Depths:3)
  A human simulacrum (Vaults:2)
  12 wights
  4 howler monkeys
  4 electric eels
  3 spectral centaurs (Depths:3)
  4 crimson imps
  A bullfrog zombie (D:11)
  9 jellies
  7 hounds
  A quasit (Abyss:1)
  Crazy Yiuf (D:3)
  A bullfrog skeleton (D:12)
  31 orc priests
  3 iron imps
  An iguana (D:10)
  Ijyb (D:4)
  19 orc wizards
  19 worker ants
  4 lightning spires (Depths:5)
  2 hound zombies
  5 hound skeletons
  A mummy (D:6)
  2 worker ant zombies
  Robin (D:2)
  14 gnolls
  3 howler monkey skeletons
  14 adders
  2 shadow imps
  5 white imps
  3 ufetubi (Abyss:3)
  An ooze (D:5)
  An adder skeleton (D:9)
  A worm (D:3)
  4 dart slugs
  7 leopard geckos
  109 orcs
  7 bats
  11 giant cockroaches
  20 goblins
  7 hobgoblins
  9 jackals
  7 quokkas
  2 ball pythons
  3 frilled lizards
  2 gnoll zombies (D:8)
  22 kobolds
  A quokka zombie (D:5)
  14 rats
  4 plants
  5 starspawn tentacles
2710 creatures vanquished.

Vanquished Creatures (collateral kills)
  An ironheart preserver (Vaults:5)
  A worldbinder (Abyss:3)
2 creatures vanquished.

Vanquished Creatures (others)
  A white draconian (Depths:5)
  A blizzard demon (Abyss:3)
  An ice dragon (Vaults:4)
  An unseen horror (D:15)
  A deep elf mage (Elf:3)
  A jumping spider (Spider:2)
  A ynoxinul (Abyss:3)
  4 tarantellas
  3 redbacks (Spider:4)
  An orc warrior (Vaults:5)
  An ogre (Depths:4)
  5 orcs
  A kobold (D:9)
  2 briar patches (Abyss:3)
  24 fungi
  113 plants
  100 spectral weapons
  17 starspawn tentacles
  12 tentacles (Shoals:1)
  2 withered plants (D:11)
292 creatures vanquished.

Grand Total: 3004 creatures vanquished

Notes
Turn   | Place    | Note
-------+----------+-------------------------------------------
     0 | D:1      | RKaid the Demigod Gladiator began the quest for the Orb.
     0 | D:1      | Reached XP level 1. HP: 17/17 MP: 3/3
    61 | D:1      | Reached skill level 3 in Staves
   231 | D:1      | Reached XP level 2. HP: 24/24 MP: 4/4
   316 | D:1      | Reached skill level 3 in Dodging
  1032 | D:2      | Reached XP level 3. HP: 29/29 MP: 5/5
  1243 | D:2      | Found a blossoming altar of Fedhas.
  1305 | D:2      | Found a hazy altar of Hepliaklqana.
  1450 | D:2      | Reached skill level 4 in Staves
  1738 | D:2      | Reached XP level 4. HP: 36/36 MP: 6/6
  1994 | D:2      | RKaid: !ac 6
  1994 | D:2      | beem: 3.67 armour skill per 1 AC for 6 base AC
  1994 | D:2      | RKaid: !ac 9
  1994 | D:2      | beem: 2.44 armour skill per 1 AC for 9 base AC
  2106 | D:3      | Noticed Robin
  2254 | D:3      | Noticed an ogre
  2256 | D:3      | Reached XP level 5. HP: 32/41 MP: 7/7
  2397 | D:2      | Killed Robin
  2723 | D:3      | Reached skill level 5 in Staves
  2727 | D:3      | Found a bloodstained altar of Trog.
  2873 | D:3      | Reached skill level 4 in Dodging
  2923 | D:3      | Found a glowing golden altar of the Shining One.
  3001 | D:3      | RKaid: ??giant club
  3001 | D:3      | beem: giant club[1/2]: (maces & flails; -6 acc / 20 dam /
                  | 1.6 base delay / 0.7 min delay; two handed). A giant lump
                  | of wood. The only playable races that can wield giant clubs
                  | are Ogres and Trolls.
  3002 | D:3      | HP: 8/41 [ogre/+0 giant club (20)]
  3687 | D:3      | Found a runed door.
  3730 | D:3      | Noticed Crazy Yiuf
  3738 | D:3      | Killed Crazy Yiuf
  4007 | D:4      | Noticed Ijyb
  4019 | D:4      | Killed Ijyb
  4019 | D:4      | Reached skill level 1 in Armour
  4019 | D:4      | Reached XP level 6. HP: 33/48 MP: 8/8
  4160 | D:4      | Found a staircase to the Ecumenical Temple.
  4273 | D:4      | Found a shattered altar of Ashenzari.
  4308 | D:4      | Found an opulent altar of Gozag.
  4342 | D:4      | Reached skill level 6 in Staves
  4390 | D:4      | Found a glowing drain.
  4414 | Sewer    | Entered a sewer
  4500 | Sewer    | Reached skill level 2 in Armour
  4596 | Sewer    | Found a white marble altar of Elyvilon.
  4690 | D:4      | Found a hide-covered altar of Uskayaw.
  4889 | D:4      | Reached XP level 7. HP: 39/53 MP: 9/9
  5361 | D:4      | Found a sacrificial altar of Ru.
  5617 | D:5      | Entered Level 5 of the Dungeon
  5890 | D:5      | Reached skill level 7 in Staves
  5890 | D:5      | Reached skill level 3 in Armour
  6608 | D:5      | Found a stormy altar of Qazlal.
  7148 | D:6      | Reached skill level 8 in Staves
  7148 | D:6      | Reached skill level 4 in Armour
  7148 | D:6      | Reached XP level 8. HP: 59/59 MP: 10/10
  7601 | D:6      | Found a deep blue altar of Sif Muna.
  7820 | D:6      | Noticed Grinder
  7821 | D:6      | Paralysed by Grinder for 2 turns
  7832 | D:6      | Paralysed by Grinder for 5 turns
  7847 | D:6      | Paralysed by Grinder for 7 turns
  7856 | D:6      | Killed Grinder
  7893 | D:6      | Found a shadowy altar of Dithmenos.
  8002 | D:6      | Found a snail-covered altar of Cheibriados.
  8069 | D:7      | Reached skill level 9 in Staves
  8084 | D:7      | Noticed a gargoyle
  8085 | D:7      | Reached skill level 5 in Armour
  8585 | D:7      | Killed a gargoyle
  8585 | D:7      | Reached XP level 9. HP: 20/66 MP: 11/11
  9024 | D:7      | Found a white marble altar of Elyvilon.
  9074 | D:7      | Found an ancient bone altar of Kikubaaqudgha.
  9195 | D:7      | Reached skill level 10 in Staves
  9273 | D:8      | Reached skill level 6 in Armour
  9526 | D:8      | Found a basalt altar of Yredelemnul.
  9647 | D:8      | Found a basalt altar of Yredelemnul.
 10343 | D:8      | Reached skill level 11 in Staves
 10403 | D:9      | Noticed Prince Ribbit
 10432 | D:9      | Killed Prince Ribbit
 10552 | D:9      | Reached skill level 7 in Armour
 11141 | D:9      | Reached XP level 10. HP: 62/72 MP: 13/13
 11328 | D:10     | Entered Level 10 of the Dungeon
 11401 | D:10     | HP: 18/72 [something (8)]
 11406 | D:10     | HP: 11/72 [something (8)]
 12169 | D:10     | Found a sacrificial altar of Ru.
 12284 | D:10     | Killed an unseen horror
 12284 | D:10     | Reached skill level 12 in Staves
 12709 | D:10     | Reached skill level 8 in Armour
 13426 | D:11     | Reached skill level 2 in Fighting
 13455 | D:11     | Found a staircase to the Lair.
 13832 | D:11     | Got a translucent hand axe
 13883 | D:11     | Found Xaryinit's Armour Shop.
 13884 | D:11     | Found a staircase to the Orcish Mines.
 13884 | D:11     | Noticed Nergalle
 13896 | D:11     | Killed Nergalle
 13896 | D:11     | Reached skill level 3 in Fighting
 13986 | D:11     | Bought a +0 pair of gloves for 45 gold pieces
 14058 | D:11     | Noticed a manticore
 14076 | D:11     | Killed a manticore
 14076 | D:11     | Reached skill level 13 in Staves
 14114 | D:11     | Reached XP level 11. HP: 42/82 MP: 14/14
 14439 | D:11     | Reached skill level 4 in Fighting
 14733 | D:11     | Found a runed door.
 14733 | D:11     | Noticed KapersCrawl's ghost (journeyman MiFi)
 14905 | D:11     | Noticed an orc knight
 14906 | D:11     | Noticed a two-headed ogre
 15349 | D:11     | Killed an orc knight
 15382 | D:11     | Noticed an orc knight
 15397 | D:11     | Killed an orc knight
 15397 | D:11     | Reached skill level 5 in Fighting
 15569 | D:11     | Killed a two-headed ogre
 15675 | D:11     | Reached skill level 14 in Staves
 16072 | Lair:1   | Entered Level 1 of the Lair of Beasts
 16185 | Lair:1   | Reached skill level 6 in Fighting
 16209 | Lair:1   | Got a sparkling silver ring
 16561 | Lair:1   | Identified the ring of Wops {rCorr +Fly rPois rC-} (You
                  | found it on level 1 of the Lair of Beasts)
 17171 | Lair:2   | Reached skill level 9 in Armour
 17291 | Lair:2   | Noticed an eight-headed hydra
 17292 | Lair:2   | RKaid: @??hydra
 17292 | Lair:2   | beem: hydra (D)
                  | Spd: 10 (swim: 60%)
                  | HD: 13
                  | HP: 60-84
                  | | AC/EV: 0/5
                  | Dam: 18 per head
                  | amphibious, cold-blooded,
                  | regen
                  | Res: magic(60), poison, drown
                  | Chunks: noxious
                  | | XP:
   975 | Sz: Big  | Int: animal.
 17292 | Lair:2   | RKaid: ??lajatang
 17292 | Lair:2   | beem: lajatang[1/2]: (staves; -3 acc / 16 dam / 1.4 base
                  | delay / 0.7 min delay; two handed). A very rare and
                  | extremely effective imported weapon, featuring a pole with
                  | half-moon blades at both ends. Lajatangs chop hydra heads.
 17336 | D:11     | Noticed a centaur warrior
 17461 | D:11     | Killed a centaur warrior
 17461 | D:11     | Reached skill level 7 in Fighting
 17754 | Lair:1   | Reached XP level 12. HP: 32/99 MP: 15/15
 17999 | Lair:1   | Noticed Sonja
 18019 | Lair:1   | Killed Sonja
 18117 | Lair:2   | Killed an eight-headed hydra
 18781 | Lair:3   | Reached skill level 8 in Fighting
 18789 | Lair:3   | Reached skill level 10 in Armour
 19418 | Lair:3   | Reached skill level 9 in Fighting
 19768 | Lair:3   | Reached skill level 11 in Armour
 20254 | Lair:4   | Noticed a five-headed hydra
 20277 | Lair:4   | Killed a five-headed hydra
 20752 | Lair:4   | Reached skill level 10 in Fighting
 20968 | Lair:4   | Found a hole to the Spider Nest.
 21021 | Lair:4   | Found a staircase to the Shoals.
 21049 | Lair:4   | Reached XP level 13. HP: 109/112 MP: 16/16
 21994 | Lair:6   | Entered Level 6 of the Lair of Beasts
 22071 | Lair:6   | Found a staircase to the Slime Pits.
 22256 | Lair:6   | Reached skill level 12 in Armour
 22416 | Lair:6   | Reached skill level 11 in Fighting
 23677 | Lair:6   | Reached skill level 13 in Armour
 24177 | Lair:6   | Reached skill level 12 in Fighting
 24500 | Lair:6   | Got a dazzling leather armour
 25001 | D:11     | Killed KapersCrawl's ghost
 26169 | D:13     | Reached XP level 14. HP: 125/125 MP: 17/17
 26217 | D:13     | Identified the cursed +1 leather armour of the Undertaker
                  | {Str+4} (You found it on level 6 of the Lair of Beasts)
 26273 | D:13     | Noticed Maurice
 26287 | D:13     | Killed Maurice
 26316 | D:13     | Found a gate to the Vaults.
 27163 | D:14     | Noticed Frances
 27609 | D:14     | Killed Frances
 27978 | D:14     | Reached skill level 13 in Fighting
 27978 | D:14     | Reached skill level 14 in Armour
 29233 | D:14     | RKaid: ??halberd
 29233 | D:14     | beem: halberd[1/1]: (polearms; -3 acc / 13 dam / 1.5 base
                  | delay / 0.7 min delay; two handed). A polearm consisting of
                  | an axe blade topped with a spike, mounted on a long shaft.
                  | Halberds chop hydra heads.
 29442 | D:15     | Entered Level 15 of the Dungeon
 29667 | Orc:1    | Entered Level 1 of the Orcish Mines
 29875 | Orc:1    | Found Alatia's Assorted Antiques.
 29926 | Orc:1    | Bought a scroll of identify for 78 gold pieces
 30204 | Orc:1    | Found a transporter.
 30204 | Orc:1    | Noticed Nenojib's ghost (journeyman CeBe)
 30223 | Orc:1    | Found a transporter.
 30886 | Orc:1    | Killed Nenojib's ghost
 31148 | Orc:2    | Entered Level 2 of the Orcish Mines
 31161 | Orc:2    | Found a staircase to the Elven Halls.
 31326 | Orc:2    | Found a roughly hewn altar of Beogh.
 31349 | Orc:2    | Found Efueh's Magic Scroll Emporium.
 31358 | Orc:2    | Bought a scroll of identify for 26 gold pieces
 32609 | Orc:2    | Gained mutation: Your body sometimes deteriorates upon
                  | taking damage. [a neqoxec]
 32635 | Orc:2    | Found Pyirhad's Distillery.
 32684 | Orc:2    | Found Moaty's Magic Scroll Shop.
 32781 | Orc:2    | Reached skill level 14 in Fighting
 33271 | Orc:2    | Paralysed by an orc sorcerer for 4 turns
 33283 | Orc:2    | Reached skill level 15 in Armour
 33533 | Orc:2    | Reached XP level 15. HP: 125/137 MP: 18/18
 33545 | Orc:2    | Paralysed by an orc sorcerer for 7 turns
 33667 | Orc:2    | Paralysed by an orc sorcerer for 3 turns
 34056 | Orc:2    | Found Bessaa's Book Emporium.
 34056 | Orc:2    | Found a one-way gate leading to the halls of Pandemonium.
 34056 | Orc:2    | Found Guenoxege's Antique Armour Shoppe.
 34063 | Orc:2    | Bought a crude helmet for 247 gold pieces
 34063 | Orc:2    | Bought a shimmering plate armour for 728 gold pieces
 34063 | Orc:2    | Bought a pair of runed boots for 195 gold pieces
 34092 | Orc:2    | Bought 3 scrolls of identify for 66 gold pieces
 34092 | Orc:2    | Identified the +1 helmet of Bitterness {rElec Str+3 SInv}
                  | (You bought it in a shop on level 2 of the Orcish Mines)
 34105 | Orc:2    | Identified the +0 plate armour "Gosuan" {rF+} (You bought
                  | it in a shop on level 2 of the Orcish Mines)
 34986 | D:15     | Noticed a fire giant
 35007 | D:15     | Killed a fire giant
 35302 | D:15     | Found a runed gate.
 35306 | D:15     | Found a runed gate.
 35306 | D:15     | Found an ancient bone altar of Kikubaaqudgha.
 35306 | D:15     | Found a runed gate.
 35306 | D:15     | Noticed a lich
 35306 | D:15     | Noticed Flugkiller's ghost (journeyman HuTm)
 35306 | D:15     | Noticed a lich
 35306 | D:15     | Noticed a lich
 35306 | D:15     | Noticed a lich
 35601 | D:15     | Found a staircase to the Depths.
 36043 | Spider:1 | Entered Level 1 of the Spider Nest
 36414 | Spider:1 | Noticed Roxanne
 36414 | Spider:1 | HP: 32/139 [demonic crawler (4)]
 36421 | Spider:1 | HP: 33/139 [demonic crawler (8)]
 36427 | Spider:1 | HP: 32/139 [demonic crawler (1)]
 37242 | Lair:4   | Reached skill level 15 in Fighting
 37520 | Spider:1 | Noticed Agnes
 37540 | Spider:1 | Killed Agnes
 38045 | Orc:2    | Bought a potion of curing for 39 gold pieces
 38045 | Orc:2    | Bought a potion of curing for 39 gold pieces
 38045 | Orc:2    | Bought 2 potions of curing for 78 gold pieces
 38213 | Spider:1 | Reached skill level 16 in Armour
 38222 | Spider:1 | Noticed Rupert
 38464 | Shoals:1 | Entered Level 1 of the Shoals
 38822 | Shoals:1 | Reached skill level 5 in Dodging
 39731 | Shoals:1 | HP: 27/141 [merfolk/+4 trident (14)]
 39732 | Shoals:1 | HP: 9/141 [merfolk aquamancer/ball of steam (18)]
 39742 | Shoals:1 | HP: 6/141 [sea snake (12)]
 40608 | Lair:4   | Lost mutation: Your body sometimes deteriorates upon taking
                  | damage. [potion of mutation]
 40608 | Lair:4   | Gained mutation: Your system is resistant to poisons.
                  | (rPois) [potion of mutation]
 40608 | Lair:4   | Gained mutation: You tend to lose your temper in combat.
                  | [potion of mutation]
 40608 | Lair:4   | Gained mutation: You are surrounded by a mild repulsion
                  | field. (EV +2) [potion of mutation]
 40609 | Lair:4   | Lost mutation: You tend to lose your temper in combat.
                  | [potion of mutation]
 40609 | Lair:4   | Lost mutation: You are surrounded by a mild repulsion
                  | field. (EV +2) [potion of mutation]
 40609 | Lair:4   | Lost mutation: Your system is resistant to poisons. (rPois)
                  | [potion of mutation]
 40609 | Lair:4   | Gained mutation: Your flesh is heat resistant. (rF+)
                  | [potion of mutation]
 40609 | Lair:4   | Lost mutation: Your flesh is heat resistant. (rF+) [potion
                  | of mutation]
 40609 | Lair:4   | Gained mutation: You have sharp toenails. [potion of
                  | mutation]
 40647 | Spider:1 | Killed Rupert
 40959 | Spider:1 | Got an ancient chain mail
 40975 | Spider:1 | Reached skill level 6 in Dodging
 41123 | Spider:1 | Identified the cursed +1 chain mail of Dramatic Exits {rC+
                  | rN+ Int+3} (You found it on level 1 of the Spider Nest)
 41153 | Spider:1 | Noticed Kirke
 41198 | Spider:1 | Killed Kirke
 41491 | Lair:4   | Learned a level 1 spell: Apportation
 41493 | Lair:4   | Learned a level 1 spell: Confusing Touch
 41498 | Lair:4   | Learned a level 4 spell: Cause Fear
 41536 | Spider:2 | Reached XP level 16. HP: 149/149 MP: 19/19
 41809 | Spider:2 | Reached skill level 1 in Hexes
 42157 | Spider:2 | Reached skill level 2 in Hexes
 42925 | Spider:2 | Reached skill level 3 in Hexes
 43180 | Spider:2 | HP: 36/150 [entropy weaver (4)]
 43202 | Spider:2 | HP: 34/150 [jumping spider (9)]
 43220 | Spider:2 | HP: 27/150 [jumping spider (13)]
 44412 | Spider:3 | Reached skill level 4 in Hexes
 44426 | Spider:3 | Reached skill level 7 in Dodging
 45707 | Spider:3 | Reached skill level 5 in Hexes
 46239 | Spider:4 | Entered Level 4 of the Spider Nest
 46322 | Spider:4 | Noticed Nikola
 47456 | Spider:3 | Reached skill level 6 in Hexes
 47646 | Spider:4 | Reached skill level 16 in Fighting
 47893 | Spider:3 | RKaid: ??brand weapon
 47893 | Spider:3 | beem: scroll of brand weapon[1/2]: Adds a random brand to a
                  | non-artefact, non-blowgun weapon (see[2]). Rebranding away
                  | from wielded distortion does not cause a distortion unwield
                  | effect.
 47893 | Spider:3 | RKaid: ??brand weapon[2
 47893 | Spider:3 | beem: scroll of brand weapon[2/2]: Brands melee weapons to:
                  | 19.0% flaming, 19.0% freezing, 15.8% vorpal, 12.7% venom,
                  | 9.49% drain, 9.49% electrocution, 7.59% protection, 5.06%
                  | vampiricism, 1.90% chaos. Ranged weapons: 27.5% flaming,
                  | 27.5% freezing, 19.2% venom, 19.2% vorpal, 4.2%
                  | electrocution, 2.5% chaos. Reroll if same as current brand
                  | or disliked by your god.
 48042 | Spider:4 | Killed Nikola
 48544 | Spider:4 | Reached skill level 8 in Dodging
 48597 | Spider:3 | HP: 37/151 [jumping spider (8)]
 48963 | Spider:4 | Reached skill level 7 in Hexes
 49477 | Spider:4 | Reached XP level 17. HP: 157/158 MP: 20/20
 50375 | Spider:4 | Got a gossamer rune of Zot
 50532 | Shoals:1 | Reached skill level 17 in Armour
 50828 | Shoals:1 | HP: 31/158 [water nymph/the raging water (25)]
 51212 | Shoals:1 | Reached skill level 8 in Hexes
 53546 | Shoals:2 | Identified the +2 plate armour "Pohe Zau" {rF+ MR+} (You
                  | found it on level 2 of the Shoals)
 53864 | Shoals:2 | Reached skill level 9 in Dodging
 54679 | Shoals:3 | HP: 34/159 [merfolk/+0 trident (12)]
 55049 | Shoals:3 | Noticed Polyphemus
 55386 | Shoals:3 | Killed Polyphemus
 55482 | Shoals:3 | Got a dazzling quarterstaff
 55612 | Shoals:2 | Identified the +2 quarterstaff "Gilo" {freeze, *Slow rPois
                  | rF- rN+++} (You found it on level 3 of the Shoals)
 56349 | Shoals:4 | Entered Level 4 of the Shoals
 57029 | Shoals:4 | Identified the +1 flail of Dissatisfaction {drain, *Noise
                  | Str+2 Stlth+} (You found it on level 4 of the Shoals)
 58022 | Shoals:4 | Reached skill level 10 in Dodging
 58756 | Shoals:4 | Reached skill level 17 in Fighting
 58768 | Shoals:4 | HP: 35/161 [satyr/arrow (14)]
 58772 | Shoals:4 | HP: 7/161 [satyr/arrow (27)]
 59275 | Shoals:4 | Identified the +4 robe of Tenacity {Dex+4}
 59531 | Shoals:4 | Reached XP level 18. HP: 150/169 MP: 21/21
 59791 | Shoals:4 | Got a barnacled rune of Zot
 60229 | Vaults:1 | Entered Level 1 of the Vaults
 60256 | Vaults:1 | You fall through a shaft!
 61016 | Vaults:1 | Got a pitted long sword
 61096 | Vaults:1 | Identified the +3 long sword "Wuocludo" {slice, rC+ MR+
                  | Str+4 Dex-5} (You found it on level 1 of the Vaults)
 61483 | Orc:2    | Bought a book of Battle for 640 gold pieces
 61488 | Orc:2    | Learned a level 3 spell: Spectral Weapon
 61518 | Orc:2    | Bought a scroll of blinking for 82 gold pieces
 61700 | Vaults:1 | Reached skill level 18 in Armour
 61963 | D:13     | Reached skill level 1 in Charms
 62115 | Vaults:1 | Reached skill level 11 in Dodging
 62136 | Vaults:1 | Reached skill level 9 in Hexes
 62289 | Vaults:1 | Reached skill level 2 in Charms
 62587 | Vaults:1 | Identified the cursed +1 spear "Hydra's Doom" {elec, rF++
                  | Stlth+}
 62613 | Vaults:1 | Reached skill level 3 in Charms
 63389 | Vaults:1 | Reached skill level 4 in Charms
 63538 | Vaults:2 | Found Yzokoud's Magic Scroll Shop.
 63606 | Vaults:1 | HP: 39/171 [acid dragon (7)]
 64243 | Vaults:2 | Reached skill level 5 in Charms
 64261 | Vaults:2 | Reached skill level 1 in Spellcasting
 64275 | Vaults:2 | HP: 42/171 [deep elf knight/orb of energy (33)]
 64518 | Vaults:2 | Found a staircase to the Crypt.
 64710 | Vaults:2 | Reached skill level 2 in Spellcasting
 65009 | Vaults:2 | Reached skill level 18 in Fighting
 65009 | Vaults:2 | Reached XP level 19. HP: 159/179 MP: 24/26
 65309 | Vaults:2 | Reached skill level 3 in Spellcasting
 66177 | Vaults:3 | Reached skill level 4 in Spellcasting
 66516 | Vaults:3 | Reached skill level 19 in Armour
 66527 | Vaults:3 | Found Xidor's Book Emporium.
 66564 | Vaults:3 | Learned a level 2 spell: Song of Slaying
 66601 | Vaults:3 | Found Wiux's Weapon Shoppe.
 66602 | Vaults:3 | Identified a scroll of acquirement
 66759 | Vaults:3 | Reached skill level 5 in Spellcasting
 67721 | Vaults:3 | Got a smoking helmet
 67722 | Vaults:3 | Identified the +2 helmet of Fishaffi {rC+ Str+4} (You
                  | acquired it on level 3 of the Vaults)
 67938 | Orc:2    | Bought a manual of Fighting for 1766 gold pieces
 67988 | Orc:2    | Bought a scroll of blinking for 97 gold pieces
 67988 | Orc:2    | Bought a scroll of fog for 26 gold pieces
 67988 | Orc:2    | Bought a scroll of fear for 45 gold pieces
 68142 | Vaults:4 | Found Hoczaf's Antique Armour Shoppe.
 68461 | Vaults:4 | Reached skill level 6 in Spellcasting
 68703 | Vaults:4 | HP: 33/181 [battlesphere[a tengu reaver] (14)]
 69070 | Vaults:4 | Reached skill level 19 in Fighting
 69225 | Vaults:4 | Found Zatuw's Armour Shoppe.
 69225 | Vaults:4 | Found Hucaluh's Assorted Antiques.
 69237 | Vaults:4 | Found Zygum's Weapon Shoppe.
 69274 | Vaults:4 | Bought a metallic sapphire potion for 22 gold pieces
 70248 | Elf:1    | Entered Level 1 of the Elven Halls
 70263 | Elf:1    | Reached skill level 7 in Spellcasting
 70309 | Elf:1    | Noticed Azrael
 70343 | Elf:1    | Killed Azrael
 70343 | Elf:1    | Reached XP level 20. HP: 178/191 MP: 33/35
 70767 | Elf:1    | Found Ceis's General Store.
 71148 | Elf:2    | Found a runed gate.
 71148 | Elf:2    | Found a runed gate.
 71148 | Elf:2    | Found a runed gate.
 71237 | Elf:2    | Found Kumerghu's Book Boutique.
 71662 | Elf:2    | Reached skill level 20 in Fighting
 72548 | Elf:3    | Entered Level 3 of the Elven Halls
 73104 | Elf:3    | Found a runed door.
 73106 | Elf:3    | Noticed ilii's ghost (journeyman DEFE)
 73624 | Elf:3    | Killed ilii's ghost
 73682 | Elf:3    | Identified the +2 cloak "Ysienuxu" {rN+ Str+7} (You found
                  | it on level 3 of the Elven Halls)
 74293 | Elf:3    | Identified the +9 short sword of Ygaop {pierce, rPois}
 74334 | Elf:3    | Reached skill level 12 in Dodging
 74335 | Elf:3    | Reached skill level 21 in Fighting
 74564 | Elf:3    | Reached skill level 20 in Armour
 74822 | Elf:3    | Identified the +2 leather armour "Panaplock" {rF+ MR+ SInv}
 74837 | Elf:3    | HP: 49/198 [deep elf sorcerer/+2 long sword of flaming (9)]
 74848 | Elf:3    | HP: 42/198 [deep elf knight/orb of energy (16)]
 75240 | Elf:3    | Identified the amulet of the Saviour {Harm *Drain MR+ Str+3
                  | Stlth+}
 75314 | Elf:3    | Gained mutation: Potions are less effective at restoring
                  | your health. [a neqoxec]
 75353 | Elf:3    | Lost mutation: Potions are less effective at restoring your
                  | health. [potion of mutation]
 75353 | Elf:3    | Lost mutation: You have sharp toenails. [potion of
                  | mutation]
 75353 | Elf:3    | Gained mutation: Scrolls take you a little longer to read.
                  | [potion of mutation]
 75353 | Elf:3    | Gained mutation: You occasionally shout uncontrollably at
                  | your foes. [potion of mutation]
 75353 | Elf:3    | Gained mutation: You are robust. (+10% HP) [potion of
                  | mutation]
 75936 | Elf:3    | Got a translucent scale mail
 75944 | Elf:3    | Identified the Collected Works on Doomed Clay
 75946 | Elf:3    | Identified Kikubaaqudgha's Reference Book on Dark Arts
 75967 | Elf:3    | Identified the +1 scale mail "Gotwyd Ryoll" {rF++ Str-4
                  | Int+3} (You found it on level 3 of the Elven Halls)
 76063 | Elf:3    | Learned a level 1 spell: Summon Butterflies
 76067 | Elf:3    | Learned a level 3 spell: Regeneration
 76286 | Depths:1 | Entered Level 1 of the Depths
 76354 | Depths:1 | Reached XP level 21. HP: 213/225 MP: 33/36
 76412 | Depths:1 | Found Iwyug's Antique Armour Boutique.
 76413 | Depths:1 | Found Tuopp's Book Shoppe.
 76438 | Depths:1 | Found a gateway to Hell.
 76463 | Depths:1 | Found Atrul's Assorted Antiques.
 76466 | Depths:1 | Bought a pair of warped boots for 190 gold pieces
 76468 | Depths:1 | Identified the +0 pair of boots of Viraz {rN+} (You bought
                  | it in a shop on level 1 of the Depths)
 76506 | Depths:1 | Found Uxir's Food Emporium.
 76586 | Depths:1 | Found a magical portal.
 76649 | WizLab   | Entered Doroklohe's Tomb
 77196 | WizLab   | Got a jewelled plate armour
 77207 | WizLab   | Identified the +2 plate armour of Keexuv {Int+5} (You found
                  | it in a wizard's laboratory)
 77511 | WizLab   | Got a faintly glowing chain mail
 77520 | WizLab   | Got a pair of shimmering boots
 77645 | WizLab   | Identified the +2 pair of boots of Uddoah {rElec Dex-5
                  | SInv} (You found it in a wizard's laboratory)
 77693 | WizLab   | Identified the +4 chain mail of Rotation {*Corrode +Inv
                  | rPois rC-} (You found it in a wizard's laboratory)
 78704 | Depths:1 | Reached skill level 13 in Dodging
 78748 | Depths:1 | RKaid: ??spectral weapon
 78748 | Depths:1 | beem: spectral weapon[1/3]: Creates an allied spectral
                  | clone of your wielded weapon, which strikes enemies in
                  | melee when you do. Damage it takes is shared with you. Its
                  | HD, damage, EV, AC and HP scale with spellpower.
 78902 | Depths:2 | Reached skill level 22 in Fighting
 79146 | Depths:2 | Noticed a caustic shrike
 79148 | Depths:2 | Noticed a caustic shrike
 79151 | Depths:2 | Noticed a caustic shrike
 79153 | Depths:2 | Noticed a caustic shrike
 79167 | Depths:2 | Killed a caustic shrike
 79173 | Depths:2 | Killed a caustic shrike
 79178 | Depths:2 | Killed a caustic shrike
 79179 | Depths:2 | Killed a caustic shrike
 79328 | Depths:2 | Noticed a golden dragon
 79333 | Depths:2 | Killed a golden dragon
 79471 | Depths:2 | Identified the +10 storm dragon scales of the Wumpus {+Fly
                  | rElec Int+4, rElec} (You found it on level 2 of the Depths)
 79738 | Depths:2 | Noticed a caustic shrike
 79748 | Depths:2 | Killed a caustic shrike
 79937 | Depths:2 | Learned a level 2 spell: Passwall
 80381 | Depths:2 | You fall through a shaft!
 80495 | Depths:3 | RKaid: ??tzitzimitl
 80495 | Depths:3 | beem: tzitzimitl[1/3]: The black sheep of the fiend family.
                  | Slightly tankier than its relatives and deals less direct
                  | damage, but has in common the ability to cast Symbol of
                  | Torment. Also has Dispel Undead and melee that slows and
                  | rots like miasma.
 80495 | Depths:3 | RKaid: ??tzitzimitl[2
 80495 | Depths:3 | beem: tzitzimitl[2/3]: tsee-tsee-mee-tl (pronounced like t
                  | with the tongue held in a postion for l)
 80495 | Depths:3 | RKaid: ??tzitzimitl[3
 80495 | Depths:3 | beem: tzitzimitl[3/3]: If you want to avoid dispel undead
                  | (and you should - it'll kill you), keep the fiend beyond 6
                  | squares and blast from afar.
 80495 | Depths:3 | RKaid: @??tzitzimitl
 80495 | Depths:3 | beem: Tzitzimitl (1)
                  | Spd:
    10 | HD: 22   | HP: 84-120
                  | | AC/EV: 12/16
                  | Dam: 25(drain speed), 25(rot)
                  | demonic,
                  | doors, evil, see invisible, fly
                  | Res: magic(immune),
                  | cold++, elec, poison, rot, neg+++, torm
                  | Vul: holy
                  | XP:
                  | 3348
                  | Sp: b.cold (3d32) [!sil], b.draining (3d29) [!sil],
                  | s.torment [!sil], dispel undead (3d32) [!sil]
                  | Sz: Large
                  | | Int: human.
 80508 | Depths:3 | Reached XP level 22. HP: 76/237 MP: 37/37
 80737 | Depths:3 | Reached skill level 21 in Armour
 80834 | Depths:3 | Paralysed by a floating eye for 4 turns
 80913 | Depths:3 | Noticed Mennas
 80930 | Depths:3 | Paralysed by a great orb of eyes for 6 turns
 81021 | Depths:3 | HP: 58/238 [Mennas/+5 trishula of holy wrath (6)]
 81027 | Depths:3 | HP: 33/238 [vampire (4)]
 81071 | Depths:3 | HP: 49/238 [mana viper (11)]
 81312 | Depths:3 | Reached skill level 23 in Fighting
 81388 | Depths:3 | Found a one-way gate to the infinite horrors of the Abyss.
 81806 | Vaults:4 | Bought an embroidered scarf for 160 gold pieces
 82024 | Orc:2    | Bought an embroidered scarf for 208 gold pieces
 82481 | D:15     | Killed Flugkiller's ghost
 82557 | D:15     | Identified Kikubaaqudgha's Volume of Stolen Souls
 82572 | D:15     | Got a glittering ivory ring
 82575 | D:15     | Identified the ring of Wellioga {Str+6 Int+2 SInv} (You
                  | found it on level 15 of the Dungeon)
 82581 | D:15     | Got a pair of smoking boots
 82727 | Vaults:2 | Bought a scroll of identify for 30 gold pieces
 82727 | Vaults:2 | Bought a scroll of identify for 30 gold pieces
 82727 | Vaults:2 | Bought a scroll of teleportation for 45 gold pieces
 82730 | Vaults:2 | Identified the +2 pair of boots "Idaxtagg" {Dex+4} (You
                  | found it on level 15 of the Dungeon)
 82896 | Orc:2    | Bought 3 scrolls of teleportation for 99 gold pieces
 82896 | Orc:2    | Bought a scroll of identify for 22 gold pieces
 83044 | Depths:1 | Bought a potion of heal wounds for 100 gold pieces
 83044 | Depths:1 | Bought a scroll of teleportation for 60 gold pieces
 83161 | Depths:3 | Killed Mennas
 83262 | Depths:3 | Noticed Frederick
 83273 | Depths:3 | Killed Frederick
 83884 | Depths:3 | Found the +5 pair of quick blades "Gyre" and "Gimble"
                  | {pierce, Dex-3}
 84130 | Depths:3 | Learned a level 2 spell: Blink
 84206 | Depths:3 | Reached skill level 2 in Evocations
 84206 | Depths:3 | Reached XP level 23. HP: 249/249 MP: 38/38
 84253 | Depths:3 | RKaid: !greaterplayer
 84253 | Depths:3 | beem: Unwon backgrounds for RKaid: Air Elementalist, Skald,
                  | Summoner, Venom Mage
 84253 | Depths:3 | RKaid: !greatplayer
 84253 | Depths:3 | beem: Unwon species for RKaid: Demigod, Felid, Human,
                  | Octopode, Spriggan, Tengu, Vine Stalker
 84386 | Depths:4 | Found a runed gate.
 84387 | Depths:4 | Found a runed gate.
 84390 | Depths:4 | Found a runed gate.
 84391 | Depths:4 | Noticed Piolloc's ghost (legendary FoFi)
 84393 | Depths:4 | Identified the ring "Niuhagi" {Fire *Drain rPois rN+ Int+6}
 84494 | Depths:4 | Identified the +1 demon blade of Trial by Ordeal {freeze,
                  | rElec}
 84709 | Depths:4 | Found a gateway to a ziggurat.
 84802 | Depths:4 | Reached skill level 6 in Charms
 85993 | Depths:4 | Reached skill level 10 in Hexes
 86067 | Depths:1 | Bought a glowing scarf for 368 gold pieces
 86189 | Depths:5 | Entered Level 5 of the Depths
 86217 | Depths:5 | Identified the +5 faerie dragon scales {+Blink rN+ rCorr}
 86217 | Depths:5 | Noticed the Enchantress
 86259 | Depths:5 | Killed the Enchantress
 86302 | Depths:5 | Reached skill level 7 in Charms
 86322 | Depths:5 | Reached skill level 24 in Fighting
 86351 | Depths:5 | HP: 62/251 [deep troll (4)]
 86353 | Depths:5 | HP: 22/251 [spark wasp (10)]
 86392 | Depths:5 | HP: 50/251 [yaktaur/bolt[a yaktaur captain] (20)]
 86399 | Depths:5 | HP: 50/251 [yaktaur captain (4)]
 86405 | Depths:5 | HP: 53/251 [fire dragon/blast of flame (15)]
 86584 | Depths:5 | Lost mutation: Scrolls take you a little longer to read.
                  | [potion of mutation]
 86584 | Depths:5 | Lost mutation: You occasionally shout uncontrollably at
                  | your foes. [potion of mutation]
 86584 | Depths:5 | Lost mutation: You are robust. (+10% HP) [potion of
                  | mutation]
 86584 | Depths:5 | Gained mutation: You are dopey. (Int -2) [potion of
                  | mutation]
 86584 | Depths:5 | Lost mutation: You are dopey. (Int -2) [potion of mutation]
 86584 | Depths:5 | Gained mutation: Your skin changes colour to match your
                  | surroundings (Stealth+). [potion of mutation]
 86733 | Depths:5 | Found a runed gate.
 86734 | Depths:5 | Found a runed gate.
 86734 | Depths:5 | Found an ancient bone altar of Kikubaaqudgha.
 86734 | Depths:5 | Found a runed gate.
 86735 | Depths:5 | Noticed Jeta Buucs's ghost (adept GnAs)
 86735 | Depths:5 | Noticed an ancient lich
 86737 | Depths:5 | Noticed Jeta Buucs's ghost (adept GnAs)
 86740 | Depths:5 | Noticed an ancient lich
 86791 | Depths:5 | 2 identical ghosts?!
 86922 | Depths:4 | Reached XP level 24. HP: 98/238 MP: 38/38
 87217 | Depths:5 | Found a runed door.
 87218 | Depths:5 | Found a runed door.
 87494 | Depths:5 | Reached skill level 8 in Charms
 87878 | Depths:5 | Found a runed door.
 87916 | Depths:5 | Found a runed door.
 88538 | Depths:5 | Found a runed door.
 88538 | Depths:5 | Found a runed door.
 89132 | Orc:2    | Bought a scroll of enchant armour for 82 gold pieces
 89163 | Orc:2    | Bought a scroll of enchant armour for 97 gold pieces
 89194 | Orc:2    | Bought 2 potions of agility for 104 gold pieces
 89234 | Orc:1    | Bought a potion of heal wounds for 195 gold pieces
 89545 | Depths:5 | Found a runed door.
 89889 | Depths:5 | Reached skill level 22 in Armour
 90054 | Depths:5 | Found a gate to the Realm of Zot.
 90699 | Slime:1  | Entered Level 1 of the Pits of Slime
 90870 | Slime:2  | Gained mutation: Your spells are a little easier to cast,
                  | but a little less powerful. [a shining eye]
 91069 | Slime:1  | Paralysed by a great orb of eyes for 2 turns
 91186 | Slime:2  | Gained mutation: Potions are less effective at restoring
                  | your health. [a shining eye]
 91936 | Depths:3 | Voluntarily entered the Abyss.
 92329 | Abyss:1  | Reached skill level 25 in Fighting
 92448 | Depths:3 | Escaped the Abyss
 92485 | Depths:3 | Voluntarily entered the Abyss.
 92810 | Depths:3 | Escaped the Abyss
 92830 | Depths:3 | Voluntarily entered the Abyss.
 93300 | Abyss:3  | Paralysed by accursed screaming for 1 turns
 93305 | Abyss:3  | Paralysed by accursed screaming for 1 turns
 93306 | Abyss:3  | Found a shadowy altar of Dithmenos.
 93309 | Abyss:3  | HP: 60/243 [starcursed mass/accursed screaming (12)]
 93310 | Abyss:3  | Paralysed by accursed screaming for 2 turns
 93311 | Abyss:3  | HP: 25/243 [starcursed mass/accursed screaming (13)]
 93919 | Abyss:3  | Gained mutation: You are occasionally teleported next to
                  | monsters. [a neqoxec]
 93999 | Abyss:3  | Noticed an ancient lich
 94055 | Abyss:3  | Paralysed by accursed screaming for 1 turns
 94356 | Abyss:3  | Reached XP level 25. HP: 196/251 MP: 36/38
 94430 | Abyss:3  | Found a corrupted altar of Lugonu.
 94619 | Abyss:3  | Found a corrupted altar of Lugonu.
 94725 | Abyss:3  | Found a corrupted altar of Lugonu.
 94757 | Depths:3 | Escaped the Abyss
 95007 | Orc:2    | Bought a potion of mutation for 104 gold pieces
 95007 | Orc:2    | Bought a potion of resistance for 130 gold pieces
 95007 | Orc:2    | Bought a potion of agility for 52 gold pieces
 95340 | Depths:5 | Killed an ancient lich
 95354 | Depths:5 | Killed an ancient lich
 95364 | Depths:5 | Killed Jeta Buucs's ghost
 95370 | Depths:5 | Reached skill level 26 in Fighting
 95390 | Depths:5 | Killed Jeta Buucs's ghost
 95446 | Depths:5 | Got a crude bone ring
 95450 | Depths:5 | Got a pair of bloodstained boots
 95457 | Depths:5 | Identified the ring "Bint" {rElec rF+ Str+3 Int+4 Stlth+}
                  | (You found it on level 5 of the Depths)
 95463 | Depths:5 | Identified the +2 pair of boots of Ajellaff {+Fly Int-4
                  | Dex+4} (You found it on level 5 of the Depths)
 95473 | Depths:5 | Lost mutation: Your spells are a little easier to cast, but
                  | a little less powerful. [potion of mutation]
 95473 | Depths:5 | Lost mutation: Your skin changes colour to match your
                  | surroundings (Stealth+). [potion of mutation]
 95473 | Depths:5 | Lost mutation: You are occasionally teleported next to
                  | monsters. [potion of mutation]
 95473 | Depths:5 | Gained mutation: Your system is resistant to poisons.
                  | (rPois) [potion of mutation]
 95473 | Depths:5 | Gained mutation: You are somewhat resistant to further
                  | mutation. [potion of mutation]
 95824 | Vaults:5 | Entered Level 5 of the Vaults
 95827 | Vaults:5 | Noticed Jory
 95861 | Vaults:4 | Killed Jory
 95861 | Vaults:4 | Reached skill level 23 in Armour
 96413 | Vaults:5 | HP: 58/255 [frost giant/+0 battleaxe of freezing (12)]
 96420 | Vaults:5 | HP: 59/255 [sphinx (3)]
 96425 | Vaults:5 | HP: 28/255 [flayed ghost/flay_damage (22)]
 96437 | Vaults:5 | RKaid: ??cancellation
 96437 | Vaults:5 | beem: potion of cancellation[1/3]: Removes all magic
                  | effects + a few points of contam. Removes slow (including
                  | post-berserk slow but not -Berserk), conf, tele,
                  | petrifying, mark, flay, mesm, fear, Dmsl, and any other
                  | effect with a duration.
 96630 | Vaults:5 | Identified the +7 whip "Zoehyigg" {venom, rElec rN+ Str+7}
 96633 | Vaults:5 | Identified the ring of Zanah {rElec rN+ Int+2 Stlth+}
 96914 | Vaults:5 | Noticed an ancient lich
 96946 | Vaults:5 | Killed an ancient lich
 96950 | Vaults:5 | Reached skill level 27 in Fighting
 97041 | Vaults:5 | Noticed an ancient lich
 97054 | Vaults:5 | Killed an ancient lich
 97296 | Vaults:5 | Identified the +2 falchion of the Hand {flame, rC++ Int+4}
 97346 | Vaults:5 | HP: 38/257 [ettin/+0 great mace (40)]
 97641 | Vaults:5 | Reached XP level 26. HP: 201/266 MP: 36/38
 97731 | Vaults:5 | Reached skill level 24 in Armour
 97784 | Vaults:5 | Identified the amulet "Pehuvug" {+Rage +Inv SInv}
 98397 | Vaults:5 | Got a glittering silver ring
 98398 | Vaults:5 | Identified the ring of the Four Dreams {rN+ Dex+4 SInv}
                  | (You found it on level 5 of the Vaults)
 98463 | Vaults:5 | Got a silver rune of Zot
 98713 | Vaults:5 | Identified Sif Muna's Papyrus of the Glacier and Summoning
 98724 | Vaults:5 | Got a ruby-encrusted plate armour
 98725 | Vaults:5 | Identified the +1 plate armour "Ylufoz" {-Tele rElec Str+3
                  | Int+6} (You found it on level 5 of the Vaults)
 99088 | Depths:1 | Bought a scroll of enchant weapon for 150 gold pieces
 99360 | Zot:1    | Entered Level 1 of the Realm of Zot
 99410 | Zot:1    | HP: 66/266 [acid (14)]
100256 | Zot:1    | Reached skill level 1 in Transmutations
100286 | Zot:1    | Reached skill level 1 in Earth Magic
100481 | Zot:1    | Reached skill level 2 in Transmutations
100488 | Zot:1    | Reached skill level 2 in Earth Magic
100923 | Zot:1    | Reached skill level 3 in Transmutations
100923 | Zot:1    | Reached skill level 3 in Earth Magic
101861 | Zot:2    | Got a shimmering wooden ring
101863 | Zot:2    | Identified the ring "Jish" {MP+9 Str+6} (You found it on
                  | level 2 of the Realm of Zot)
102942 | Zot:2    | Reached skill level 14 in Dodging
102942 | Zot:2    | Reached skill level 4 in Transmutations
102942 | Zot:2    | Reached skill level 4 in Earth Magic
104282 | Zot:3    | Reached skill level 15 in Dodging
105116 | Zot:4    | Reached skill level 25 in Armour
105277 | Zot:4    | Reached XP level 27. HP: 160/273 MP: 38/38
105884 | Zot:5    | Entered Level 5 of the Realm of Zot
106197 | Zot:5    | Noticed an ancient lich
106199 | Zot:5    | Noticed an orb of fire
106215 | Zot:4    | Reached skill level 16 in Dodging
106290 | Zot:4    | Killed an orb of fire
106322 | Zot:5    | Killed an ancient lich
107176 | Zot:5    | Noticed an ancient lich
107176 | Zot:5    | Noticed an orb of fire
107190 | Zot:5    | Killed an orb of fire
107201 | Zot:5    | Paralysed by an ancient lich for 4 turns
107208 | Zot:5    | Killed an ancient lich
107446 | Zot:5    | Reached skill level 17 in Dodging
107494 | Zot:5    | Noticed an orb of fire
107501 | Zot:5    | Noticed an orb of fire
107717 | Zot:5    | Killed an orb of fire
107722 | Zot:5    | Reached skill level 26 in Armour
107780 | Zot:5    | Killed an orb of fire
108049 | Zot:5    | Got the Orb of Zot
108335 | D:11     | Noticed Xipacsop the pandemonium lord
108341 | D:10     | Reached skill level 18 in Dodging
108372 | D:10     | Noticed Muci the pandemonium lord
108513 | D:$      | Escaped with the Orb!

Vault maps used:
D:1:      ebering_hopf_link
D:2:      minmay_razor_zed, lemuel_crystal_altar, fedhas_altar_3
D:3:      overflow_temple_1_default, marbit_many_paths, roderic_roman_lattice,
          uniq_robin, uniq_crazy_yiuf_cottage
D:4:      eat_drink_and_be_merry_uskayaw, nicolae_ashenzari_panopticon,
          nicolae_overflow_crystal_walls, overflow_temple_1_default,
          minmay_temple_entry_drinking_statues, serial_bayou,
          serial_bayou_lagoon_a, serial_bayou_lagoon_b, serial_bayou_pond_a,
          serial_bayou_pond_a, gup_sewer_entry_pipe, uniq_ijyb
D:5:      nicolae_qazlal_general_emergency, first_ration
D:6:      kennysheep_mini, slow_altar_2, lemuel_blue_sif_altar, uniq_grinder
D:7:      elyvilon_altar_1, tgw_kikubaaqudgha
D:8:      lemuel_zombie_altar_yredelemnul, blue_anna_alchemist,
          yredelemnul_altar_generic
D:9:      uniq_prince_ribbit1
D:10:     nicolae_ru_the_path_less_chosen
D:11:     minmay_the_grid_triangle_9x9_rhombus_thin_mashed, lair_entry_dummy,
          orc_david_3, gammafunk_ghost_grave, uniq_nergalle
D:12:     hex_intersection
D:13:     david_vaults_2, uniq_maurice
D:14:     minmay_tree_intersection, uniq_frances
D:15:     grunt_enter_depths_giant_problem, serial_glass, glass_columns_b,
          glass_columns_b, minmay_strange_pillars, due_unseen_surprise,
          feat_on_display, gammafunk_ghost_crypt, grunt_ministairs_11,
          chequers_mini_garden
Lair:1:   infiniplex_staircase_pool_2, serial_bayou_shore_a, uniq_sonja
Lair:2:   infiniplex_staircase_pool, grunt_megastairs_5, lemuel_fruit_tree
Lair:3:   wad_woods_road_03
Lair:4:   elwin_shoals_entry_rocks, spider_nest_entry_webs
Lair:5:   st_stairs_8
Lair:6:   minmay_lair_end_frog_pond, minmay_slime_entry_oklob_open
Shoals:1: cheibrodos_shoals_three_sisters
Shoals:2: ldierk_geyser
Shoals:3: uniq_polyphemus
Shoals:4: shoals_end_grunt_garden
Spider:1: uniq_roxanne, uniq_rupert, uniq_kirke, uniq_agnes
Spider:4: grunt_spider_rune_circles, uniq_nikola
Slime:3:  basic_altar
Orc:1:    serial_shops, shop, gammafunk_ghost_smash, guppyfry_library_mini
Orc:2:    pf_orc_diabolical, basic_altar, serial_shops, shop,
          statue_in_the_mist_lemuel
Elf:1:    elf_arrival_001, serial_shops, shop, minmay_elf_crystal_hexagon,
          uniq_azrael
Elf:2:    serial_shops, shop
Elf:3:    elf_hall, ebering_ghost_inner_flame
Vaults:1: st_cross, nicolae_vaults_network_quinsquares,
          nicolae_vaults_network_periphery, v_misc_33
Vaults:2: v_misc_24, vaults_room_grunt_arrival_ludios, v_misc_30,
          hangedman_vaults_corner_blocks, minmay_crypt_entry_vampire_xt,
          nicolae_vaults_little_squares_4, v_alt_pattern_5,
          hangedman_vaults_nodes, vaults_dpeg_doors,
          nicolae_vaults_three_branches, serial_shops, nicolae_shop_statue_plus
Vaults:3: vaults_dpeg_cross, nicolae_vaults_specimen_jars,
          ontoclasm_vaults_misaligned, v_misc_17, ontoclasm_vaults_echo,
          v_misc_24, hangedman_vaults_hat, grunt_vaults_trifunnel,
          hangedman_vaults_snaps, ontoclasm_vaults_idyll,
          vaults_mumra_minichess_inversion, v_misc_26, serial_shops, shop, shop
Vaults:4: nicolae_vaults_yaktaur_gun_rack, hangedman_vaults_hard_town_square,
          v_misc_15, nicolae_vaults_little_squares_4, serial_shops, shop
Vaults:5: uniq_jory
Depths:1: hell_entry, kennysheep_pointless_box, mu_enter_wizlab_5, serial_shops,
          nicolae_shop_crystal, shop_statue, kennysheep_mini_moat,
          nicolae_shop_behind_doors, minmay_misc_feat_columns,
          kennysheep_generic_room_2
Depths:2: grunt_arcs, grunt_hell_horde, chequers_serial_rivers_micro_d,
          fountainhead
Depths:3: lemuel_river_lethe, abyss_entry, hell_entry, pan_entry, serial_shops,
          uniq_mennas, uniq_frederick
Depths:4: minmay_distorted_concentric_squares, enter_ziggurat_e, hellmouth_1,
          abyss_entry, gammafunk_ghost_tricky_traps, minivault_11,
          minmay_misc_feat_x, drop_trap
Depths:5: evilmike_zot_entry_castle, grunt_hell_entry_dis_mu,
          gammafunk_ghost_crypt, minmay_misc_feat_diagonals, grunt_ministairs_9,
          hangedman_aerie_drop, uniq_enchantress
Zot:3:    zot_minivault_3
Abyss:1:  hangedman_shadowy_showcase, guppyfry_abyss_exit_spiral_guarded
Abyss:4:  evilmike_abyss_exit_15, hangedman_abyss_rune_macabre_mess,
          evilmike_abyss_exit_4, patterned_corridor
Sewer:    sewer_kobolds
WizLab:   wizlab_doroklohe

Skill      XL: |  1  2  3  4  5  6  7  8  9 10 11 12 13 14 15 16 17 18 19 20 21 22 23 24 25 26 27 |
---------------+----------------------------------------------------------------------------------+-----
Staves         | 3 4 5 6 8 9 11 13 14 | 14.5
Dodging        | 3 4 6 8 10 11 12 13 15 18 | 18.0
Armour         | 1 2 4 5 7 8 9 11 13 15 16 17 18 19 20 21 22 23 25 26 | 26.3
Fighting       | 3 7 10 12 14 15 16 17 18 19 21 22 23 24 25 27 | 27.0
Hexes          | 7 8 9 10 | 10.0
Charms         | 5 7 8 |  8.0
Spellcasting   | 2 7 |  7.0
Evocations     | 2 |  2.1
Transmutations | 4 |  4.0
Earth Magic    | 4 |  4.0
Throwing       | |  1.7

Action                   |  1- 3 |  4- 6 |  7- 9 | 10-12 | 13-15 | 16-18 | 19-21 | 22-24 | 25-27 || total
-------------------------+-------+-------+-------+-------+-------+-------+-------+-------+-------++-------
Melee: Quarterstaff      |   109 |   229 |    59 |       |       |       |       |       |       ||   397
       Lajatang          |       |       |   289 |   695 |  1517 |  1936 |  1688 |  1738 |  1533 ||  9396
       Spear             |       |       |       |    23 |    61 |       |    11 |       |       ||    95
       Long sword        |       |       |       |       |       |       |       |     3 |       ||     3
 Fire: Hunting sling     |    13 |    21 |     8 |       |       |       |       |       |       ||    42
       Blowgun           |       |       |       |    12 |       |       |       |       |       ||    12
Throw: Throwing net      |       |     3 |       |     1 |       |       |     1 |       |       ||     5
 Cast: Confusing Touch   |       |       |       |       |       |    15 |     4 |       |       ||    19
       Apportation       |       |       |       |       |       |     1 |     1 |       |       ||     2
       Spectral Weapon   |       |       |       |       |       |    14 |   107 |    36 |    86 ||   243
       Cause Fear        |       |       |       |       |       |       |     1 |       |     2 ||     3
       Song of Slaying   |       |       |       |       |       |       |     1 |       |       ||     1
       Summon Butterflie |       |       |       |       |       |       |     2 |       |       ||     2
       Regeneration      |       |       |       |       |       |       |       |       |     2 ||     2
       Passwall          |       |       |       |       |       |       |       |       |     6 ||     6
       Blink             |       |       |       |       |       |       |       |       |     1 ||     1
Evoke: Wand              |       |     1 |       |    17 |    11 |    31 |     9 |    23 |    23 ||   115
       Sack of spiders   |       |       |       |       |       |       |       |     3 |     1 ||     4
       Phantom mirror    |       |       |       |       |       |       |       |     1 |       ||     1
  Use: Scroll            |       |     8 |    10 |     9 |    24 |    22 |    24 |    30 |    24 ||   151
       Potion            |       |       |     1 |     2 |    10 |     5 |     4 |    32 |    13 ||    67
 Stab: Paralysed         |       |     1 |       |       |     2 |     2 |       |       |       ||     5
       Confused          |       |     1 |       |       |       |     3 |       |       |       ||     4
       Invisible         |       |       |       |     1 |       |       |       |       |       ||     1
       Distracted        |       |       |       |       |       |     3 |    15 |     4 |     9 ||    31
       Fleeing           |       |       |       |       |       |       |       |       |     1 ||     1
  Eat: Chunk             |     3 |     7 |    16 |    14 |    45 |    48 |    40 |    17 |    16 ||   206
       Ration            |       |     1 |     1 |     8 |     6 |     9 |     6 |    10 |    12 ||    53
Armor: Leather armour    |     2 |       |       |       |       |       |       |       |       ||     2
       Ring mail         |    38 |    39 |       |       |       |       |       |       |       ||    77
       Chain mail        |       |    72 |    22 |       |    59 |   632 |       |       |       ||   785
       Plate armour      |       |       |   163 |   359 |   599 |   497 |   825 |     3 |       ||  2446
       Skin              |       |       |     5 |       |       |       |       |       |       ||     5
       Scale mail        |       |       |       |    31 |   172 |       |       |       |       ||   203
       Storm dragon scal |       |       |       |       |       |       |    51 |   663 |       ||   714
       Gold dragon scale |       |       |       |       |       |       |       |   493 |  1456 ||  1949
Dodge: Dodged            |    76 |   144 |   153 |   269 |   906 |  1728 |  1095 |  1440 |  1417 ||  7228

Table legend:
 A = Non-vault XP
 B = Vault XP
 C = Vault XP percentage of total XP
 D = Non-vault monster count
 E = Vault monster count
 F = Vault count percentage of total count
                 A         B        C        D         E       F
            +---------+---------+-------+---------+---------+-------
      Total |  977784 |  830067 |  45.9 |    1830 |     869 |  32.2
            +---------+---------+-------+---------+---------+-------
        D:1 |      47 |       0 |   0.0 |      28 |       0 |   0.0
        D:2 |     109 |      86 |  44.1 |      22 |      20 |  47.6
        D:3 |     136 |      49 |  26.5 |      16 |       5 |  23.8
        D:4 |     357 |      50 |  12.3 |      20 |       7 |  25.9
        D:5 |     420 |       0 |   0.0 |      13 |       0 |   0.0
        D:6 |     726 |     304 |  29.5 |      21 |       2 |   8.7
        D:7 |    1382 |       0 |   0.0 |      22 |       0 |   0.0
        D:8 |    1051 |     103 |   8.9 |      16 |       3 |  15.8
        D:9 |    1446 |     264 |  15.4 |      32 |       1 |   3.0
       D:10 |    3771 |       0 |   0.0 |      25 |       0 |   0.0
       D:11 |    5855 |    6407 |  52.3 |      38 |      17 |  30.9
       D:12 |    2198 |       0 |   0.0 |      15 |       0 |   0.0
       D:13 |    9288 |    3111 |  25.1 |      30 |       4 |  11.8
       D:14 |   10768 |    2321 |  17.7 |      32 |       2 |   5.9
       D:15 |   13542 |   16312 |  54.6 |      32 |       9 |  22.0
     Lair:1 |    2400 |     802 |  25.0 |      14 |       1 |   6.7
     Lair:2 |    3857 |     589 |  13.2 |      11 |       2 |  15.4
     Lair:3 |   10201 |     403 |   3.8 |      35 |       1 |   2.8
     Lair:4 |   11321 |     688 |   5.7 |      40 |       3 |   7.0
     Lair:5 |    2742 |     147 |   5.1 |      10 |       1 |   9.1
     Lair:6 |   12721 |   12744 |  50.0 |      44 |      48 |  52.2
   Shoals:1 |   10992 |   10194 |  48.1 |      24 |      13 |  35.1
   Shoals:2 |   16539 |    1705 |   9.3 |      33 |       2 |   5.7
   Shoals:3 |   10444 |    6342 |  37.8 |      23 |       6 |  20.7
   Shoals:4 |   20328 |   18835 |  48.1 |      42 |      29 |  40.8
   Spider:1 |   14610 |    7803 |  34.8 |      42 |       6 |  12.5
   Spider:2 |   19934 |       0 |   0.0 |      49 |       0 |   0.0
   Spider:3 |   23382 |    2240 |   8.7 |      64 |       3 |   4.5
   Spider:4 |    9018 |   25965 |  74.2 |      25 |      32 |  56.1
    Slime:1 |   11097 |       0 |   0.0 |      17 |       0 |   0.0
    Slime:2 |   13791 |       0 |   0.0 |      12 |       0 |   0.0
      Orc:1 |    4046 |    5847 |  59.1 |      28 |      18 |  39.1
      Orc:2 |    4225 |   14675 |  77.6 |      30 |      58 |  65.9
      Elf:1 |   14264 |    6890 |  32.6 |      24 |      16 |  40.0
      Elf:2 |   10457 |   21303 |  67.1 |      16 |      28 |  63.6
      Elf:3 |   23761 |   53095 |  69.1 |      35 |      37 |  51.4
   Vaults:1 |   46300 |   16335 |  26.1 |      85 |      22 |  20.6
   Vaults:2 |   45009 |   15615 |  25.8 |      72 |      26 |  26.5
   Vaults:3 |   34385 |   12053 |  26.0 |      44 |      35 |  44.3
   Vaults:4 |   36260 |   25554 |  41.3 |      76 |      20 |  20.8
   Vaults:5 |   42092 |  114641 |  73.1 |      76 |      76 |  50.0
   Depths:1 |   50254 |    1501 |   2.9 |      62 |       2 |   3.1
   Depths:2 |   19297 |   57479 |  74.9 |      25 |      43 |  63.2
   Depths:3 |    2520 |   62835 |  96.1 |       5 |     101 |  95.3
   Depths:4 |   56067 |   11852 |  17.5 |      60 |      11 |  15.5
   Depths:5 |   51100 |   94429 |  64.9 |      46 |      64 |  58.2
      Zot:1 |   55551 |       0 |   0.0 |      33 |       0 |   0.0
      Zot:2 |    9423 |   15531 |  62.2 |       7 |       7 |  50.0
      Zot:3 |   63075 |    5858 |   8.5 |      34 |       4 |  10.5
      Zot:4 |   41418 |   10461 |  20.2 |      22 |       2 |   8.3
      Zot:5 |   33110 |  139156 |  80.8 |      20 |      35 |  63.6
    Abyss:1 |   38289 |       0 |   0.0 |      67 |       0 |   0.0
    Abyss:2 |    1570 |       0 |   0.0 |       2 |       0 |   0.0
    Abyss:3 |   50838 |   15077 |  22.9 |     114 |      16 |  12.3
      Sewer |       0 |     108 | 100.0 |       0 |      12 | 100.0
     WizLab |       0 |   12308 | 100.0 |       0 |      19 | 100.0
            +---------+---------+-------+---------+---------+-------

Table legend:
 A = Turns spent in this place as a percentage of turns spent in the entire game.
 B = Non-inter-level travel turns spent in this place as a percentage of non-inter-level travel turns spent in the entire game.
 C = Inter-level travel turns spent in this place as a percentage of turns spent in this place.
 D = Turns resting spent in this place as a percentage of non-inter-level travel turns spent in this place.
 E = Turns spent auto-exploring this place as a percentage of non-inter-level travel turns spent in this place.
 F = Non-inter-level travel turns spent in this place divided by the number of levels of this place that you've seen.
                   A       B       C       D       E      F
               +-------+-------+-------+-------+-------+----------------------
         Total | 100.0 | 100.0 |   9.4 |  41.7 |  27.1 | 1638.6
       Dungeon |  23.0 |  21.9 |  13.9 |  35.2 |  39.1 | 1433.5
          Lair |  10.6 |  10.6 |   9.2 |  46.1 |  31.5 | 1737.8
        Shoals |  10.0 |  10.8 |   2.5 |  59.2 |  13.7 | 2658.2
   Spider Nest |   9.4 |   9.9 |   3.8 |  56.4 |  23.0 | 2443.8
    Slime Pits |   0.8 |   0.9 |   0.5 |  48.7 |   0.0 | 305.3
  Orcish Mines |   5.2 |   4.4 |  22.3 |  44.5 |  24.0 | 2179.5
   Elven Halls |   5.4 |   5.7 |   5.4 |  35.8 |  30.6 | 1864.7
        Vaults |  12.2 |  12.0 |  10.2 |  35.0 |  27.6 | 2368.4
        Depths |  12.3 |  11.9 |  12.2 |  39.3 |  21.2 | 2337.6
           Zot |   7.3 |   7.6 |   5.8 |  29.9 |  30.9 | 1491.6
         Abyss |   2.5 |   2.8 |   0.0 |  32.6 |  11.9 | 460.7
         Sewer |   0.2 |   0.2 |   0.0 |   0.0 |  56.5 | 239.0
        Wizlab |   1.0 |   1.1 |   0.0 |  46.8 |   0.0 | 1120.0
               +-------+-------+-------+-------+-------+----------------------

Table legend:
 A = Kills in this place as a percentage of kills in entire the game.
 B = Kills by you in this place as a percentage of kills by you in the entire game.
 C = Kills by friends in this place as a percentage of kills by friends in the entire game.
 D = Other kills in this place as a percentage of other kills in the entire game.
 E = Experience gained in this place as a percentage of experience gained in the entire game.
 F = Experience gained in this place divided by the number of levels of this place that you have seen.
                   A       B       C       D       E      F
               +-------+-------+-------+-------+-------+----------------------
         Total | 100.0 | 100.0 | 100.0 | 100.0 | 100.0 | 30270.9
       Dungeon |  16.1 |  16.2 |   0.0 |   5.6 |   4.6 | 5606.7
          Lair |   7.8 |   7.8 |   0.0 |   0.0 |   3.2 | 9769.2
        Shoals |   6.4 |   6.4 |   0.0 |   0.0 |   5.3 | 23844.8
   Spider Nest |   8.2 |   8.2 |   0.0 |   0.0 |   5.7 | 25738.0
    Slime Pits |   1.1 |   1.1 |   0.0 |   0.0 |   1.4 | 8296.0
  Orcish Mines |   5.0 |   5.0 |   0.0 |   0.0 |   1.6 | 14396.5
   Elven Halls |   5.8 |   5.8 |   0.0 |   5.6 |   7.1 | 43256.7
        Vaults |  19.7 |  19.4 |  50.0 |  61.1 |  21.4 | 77648.8
        Depths |  15.5 |  15.5 |   0.0 |  16.7 |  22.6 | 82177.6
           Zot |   6.2 |   6.2 |   0.0 |   0.0 |  20.6 | 74886.8
         Abyss |   7.4 |   7.3 |  50.0 |  11.1 |   5.8 | 17629.0
         Sewer |   0.4 |   0.4 |   0.0 |   0.0 |   0.0 | 108.0
        Wizlab |   0.7 |   0.7 |   0.0 |   0.0 |   0.7 | 12308.0
               +-------+-------+-------+-------+-------+----------------------
